 Dungeon Crawl Stone Soup version 0.25-a0-194-gece12570e2 (webtiles) character file.

Game seed: 17510407801212866606, levelgen mode: deterministic

31 Crag the Sneak (level 3, -4/21 HPs)
             Began as an Octopode Wizard on Dec 1, 2019.
             Slain by a wyvern zombie (6 damage)
             ... on level 2 of the Dungeon.
             The game lasted 00:07:49 (1898 turns).

Crag the Sneak (Octopode Wizard)                    Turns: 1898, Time: 00:07:50

Health: -4/21      AC:  1    Str:  7    XL:     3   Next: 22%
Magic:  3/7        EV: 13    Int: 20    God:
Gold:   44         SH:  0    Dex: 10    Spells: 4/8 levels left

rFire    . . .     SeeInvis .     - Unarmed
rCold    . . .     Gourm    .   (no shield)
rNeg     . . .     Faith    .   a - +0 hat
rPois    .         Spirit   .   (no amulet)
rElec    .         Reflect  .   (no ring)
rCorr    .         Harm     .   (no ring)
MR       .....                  (no ring)
Stlth    +++.......             (no ring)
HPRegen  0.07/turn              (no ring)
MPRegen  0.10/turn              (no ring)
                                (no ring)
                                (no ring)

@: no status effects
A: almost no armour, stealthy swim, amphibious, 8 rings, constrict 8, camouflage
1, gelatinous body 1
a: no special abilities


You were on level 2 of the Dungeon.
You were not hungry.

You visited 1 branch of the dungeon, and saw 2 of its levels.

You collected 44 gold pieces.

Inventory:

Missiles
 h - 64 stones (quivered)
Armour
 a - a +0 hat (worn)
Scrolls
 e - a scroll of identify
 g - a scroll of enchant armour
Comestibles
 c - 2 rations


   Skills:
 + Level 2.3 Dodging
 + Level 3.3 Stealth
 + Level 1.0 Unarmed Combat
 + Level 3.2 Spellcasting
 + Level 1.5 Conjurations
   Level 1.0 Summonings
   Level 1.0 Translocations


You had 4 spell levels left.
You knew the following spells:

 Your Spells              Type           Power        Failure   Level  Hunger
a - Magic Dart            Conj           #...         8%          1    None
b - Mephitic Cloud        Conj/Pois/Air  #.......     34%         3    ###....

Your spell library contained the following spells:

 Spells                   Type           Power        Failure   Level  Hunger
 Blink                    Tloc           N/A          14%         2    ##.....
 Call Imp                 Summ           #.......     14%         2    ##.....
 Slow                     Hex            #.......     22%         2    ##.....
 Conjure Flame            Conj/Fire      #.......     30%         3    ###....


Dungeon Overview and Level Annotations

Branches:
Dungeon (2/15)

Altars:


Innate Abilities, Weirdness & Mutations

You cannot wear most types of armour.
You are very stealthy in the water. (Stealth+)
You are amphibious.
You can wear up to eight rings at the same time.
You can use your tentacles to constrict eight enemies at once.
Your skin changes colour to match your surroundings (Stealth+).
Your rubbery body absorbs attacks. (AC +1, EV +1)


Message History

The wyvern zombie is moderately damaged.
The wyvern zombie closely misses you.
You tentacle-slap the wyvern zombie.
The wyvern zombie is moderately damaged.
The wyvern zombie barely misses you.
You barely miss the wyvern zombie.
The wyvern zombie is moderately damaged.
The wyvern zombie bites you!
* * * LOW HITPOINT WARNING * * *
You tentacle-slap the wyvern zombie but do no damage.
You squeeze the wyvern zombie.
The wyvern zombie is moderately damaged.
The wyvern zombie bites you.
* * * LOW HITPOINT WARNING * * *
You aren't carrying any potions.
Okay, then.
You tentacle-slap the wyvern zombie but do no damage.
The wyvern zombie is moderately damaged.
The wyvern zombie closely misses you. The wyvern zombie bites you.
You die...

........###...........##
...........#####........
........##.# #.#######
.........#.# #.#
.........#.# #.#
########.#.# #.# #.#.#
#.# ########.#.# #.#
......Z@.#.# #..
########## ###


You could see a wyvern zombie.

Vanquished Creatures
  A dart slug (D:1)
  2 giant cockroaches (D:1)
  A goblin (D:1)
  3 hobgoblins (D:1)
  4 jackals (D:1)
  3 kobolds (D:1)
  A quokka (D:2)
  3 bats (D:1)
  3 frilled lizards (D:1)
  7 rats
28 creatures vanquished.

Notes
Turn   | Place    | Note
-------+----------+-------------------------------------------
     0 | D:1      | Crag the Octopode Wizard began the quest for the Orb.
     0 | D:1      | Reached XP level 1. HP: 11/11 MP: 4/4
   241 | D:1      | Reached XP level 2. HP: 17/17 MP: 0/6
  1125 | D:1      | Reached XP level 3. HP: 21/21 MP: 2/7
  1214 | D:1      | Reached skill level 1 in Unarmed Combat
  1868 | D:2      | Learned a level 3 spell: Mephitic Cloud
  1897 | D:2      | HP: 1/21 [wyvern zombie (5)]
  1898 | D:2      | Slain by a wyvern zombie

Levels and vault maps discovered:
D:1:      lightli_molten_gateway, layout_basic, minmay_pentomino_v2
D:2:      layout_basic, minmay_tiny_reverse_x, uniq_sigmund, uniq_terence

Skill      XL: |  1  2  3 |
---------------+----------+-----
Stealth        | 3 |  3.3
Unarmed Combat | 1 |  1.0
Dodging        | |  2.3
Spellcasting   | |  3.2
Conjurations   | |  1.5
Summonings     | |  1.0
Translocations | |  1.0

Action                   || total
-------------------------++-------
Melee: Unarmed           ||    41
       Constrict         ||     9
       Tentacles         ||     5
 Cast: Magic Dart        ||    65
  Use: Potion            ||     4
       Scroll            ||     2
  Eat: Chunk             ||     3
Armor: Skin              ||     7
Dodge: Dodged            ||    41

Table legend:
 A = Non-vault XP
 B = Vault XP
 C = Vault XP percentage of total XP
 D = Non-vault monster count
 E = Vault monster count
 F = Vault count percentage of total count
                 A         B        C        D         E       F
            +---------+---------+-------+---------+---------+-------
      Total |      44 |       1 |   2.2 |      27 |       1 |   3.6
            +---------+---------+-------+---------+---------+-------
        D:1 |      40 |       1 |   2.4 |      24 |       1 |   4.0
        D:2 |       4 |       0 |   0.0 |       3 |       0 |   0.0
            +---------+---------+-------+---------+---------+-------
